 Dungeon Crawl Stone Soup version 0.31-a0-940-gdaa99269f9 (webtiles) character file.

Game seed: 14872583828285236489

13 sampeng1 the Chopper (level 2, -1/36 HPs)
             Began as a Human Berserker on Oct 21, 2023.
             Was a Follower of Trog.
             Slain by a gnoll
             ... wielding a +0 spear
              (3 damage)
             ... on level 1 of the Dungeon.
             The game lasted 00:01:00 (152 turns).

sampeng1 the Chopper (Human Berserker)               Turns: 152, Time: 00:01:01

Health: -1/36      AC:  6    Str: 17    XL:     2   Next: 50%
Magic:  2/2        EV: 12    Int:  7    God:    Trog [*.....]
Gold:   21         SH:  0    Dex: 12    Spells: 1/1 levels left

rFire   . . .        a - +0 hand axe
rCold   . . .        (no shield)
rNeg    . . .        b - +0 animal skin
rPois   .            (no helmet)
rElec   .            (no cloak)
rCorr   .            (no gloves)
SInv    .            (no boots)
Will    .....        (no amulet) Stlth
                     c - +4 ring of protection
HPRegen 0.26/turn    (no ring)
MPRegen 0.08/turn

%: no passive effects
@: berserking (expiring), very quick
A: no striking features
a: Renounce Religion, Berserk


You were on level 1 of the Dungeon.
You worshipped Trog.
Trog was aware of your devotion.
You visited 1 branch of the dungeon, and saw 1 of its levels.

You collected 21 gold pieces.

Inventory:

Hand Weapons
 a - a +0 hand axe (weapon)
Armour
 b - a +0 animal skin (worn)
Jewellery
 c - a +4 ring of protection (left hand)
Scrolls
 d - a scroll of revelation {unknown}
 e - a scroll of poison {unknown}


   Skills:
 + Level 3.1 Fighting
 + Level 3.2 Axes
 + Level 2.2 Armour
 + Level 2.2 Dodging


You had one spell level left.
You didn't know any spells.
Your spell library was empty.

Dungeon Overview and Level Annotations

Branches:
Dungeon (1/15)

Altars:

Shops:
D:1 [[


Message History

The ball python hisses angrily.
A ball python comes into view.
A goblin comes into view. It is wielding a +0 club.
The ball python bites you but does no damage.
The ball python grabs you. The ball python constricts you.
You completely miss the ball python.
The ball python hisses angrily.
The ball python barely misses you. The ball python constricts you.
The gnoll hits you from afar with a +0 spear.
You closely miss the ball python.
The goblin shouts!
A bat comes into view.
The ball python barely misses you. The ball python constricts you.
The gnoll hits you from afar with a +0 spear.
The ball python bites you. The ball python constricts you.
You escape the ball python's grasp.
The gnoll attacks as it pursues you!
The gnoll hits you from afar with a +0 spear.
* * * LOW HITPOINT WARNING * * *
A red film seems to cover your vision as you go berserk!
You feel yourself moving faster!
You feel mighty!
The gnoll hits you from afar with a +0 spear.
* * * LOW HITPOINT WARNING * * *
The ball python barely misses you. The ball python closely misses you.
You feel a strong urge to attack something.
The ball python closely misses you. The ball python grabs you.
The ball python constricts you. The gnoll completely misses you.
You slash the ball python!
You kill the ball python!
Trog accepts your kill.
You slash the gnoll! You hit the ball python.
You kill the ball python!
Trog accepts your kill. The bat misses you. The gnoll hits you with a +0 spear.
* * * LOW HITPOINT WARNING * * *
Found a stone staircase leading down.
The bat barely misses you.
A kobold and a bat come into view.
Found an amethyst potion.
You feel a strong urge to attack something.
The gnoll hits you with a +0 spear.
You die...

....########...
#.......##..#
#....)#.##.# #.#
#......## #.#
##......####
#.###..####....###
##### #.#...##
##.....#
#.....#..b..##
##.....
.......@g....#
#####.
.b......g.....# ##
K.............#
.>....[.......#
..............#
..............#
..............#
.............##


You could see a gnoll, a goblin, 2 bats and a kobold.

Vanquished Creatures
  A goblin (D:1)
  4 jackals (D:1)
  4 ball pythons (D:1)
  A bat (D:1)
  A rat (D:1)
11 creatures vanquished.

Notes
Turn   | Place    | Note
-------+----------+-------------------------------------------
     0 | D:1      | sampeng1 the Human Berserker began the quest for the Orb.
     0 | D:1      | Reached XP level 1. HP: 18/18 MP: 1/1
    46 | D:1      | Reached XP level 2. HP: 21/24 MP: 2/2
    76 | D:1      | Found Lah Qees's Armour Shoppe.
   152 | D:1      | Slain by a gnoll

Illustrated notes

Levels and vault maps discovered:
D:1:      dpeg_arrival_tiny_a, layout_rooms, serial_shops, shop,
          nicolae_shop_behind_doors, shop, shop, shop

Action                     || total
---------------------------++-------
  Melee: Hand axe          ||    30
 Invoke: Berserk           ||     1
 Armour: Animal skin       ||    25
  Dodge: Dodged            ||    35

Table legend: (Time is in decaauts)
 A = Elapsed time spent in this place.
 B = Non-inter-level travel time spent in this place.
 C = Inter-level travel time spent in this place.
 D = Time resting spent in this place.
 E = Time spent auto-exploring this place.
 F = Levels seen in this place.
 G = Mean time per level.
                   A        B        C        D        E       F      G
               +--------+--------+--------+--------+--------+-----+--------+
         Total |    154 |    154 |      0 |      0 |     59 |   1 |  154.0 |
       Dungeon |    154 |    154 |      0 |      0 |     59 |   1 |  154.0 |
               +--------+--------+--------+--------+--------+-----+--------+

Top non-repeatable levels by time:
     D:1: 154 daAuts
